 Dungeon Sprint DCSS version 0.31.0-32-g396128a36d (webtiles) character file.

Game seed: 11231106467212973591

46012 Heoruswealwe the Minotaur Porcupine (level 14, 0/155 HPs)
             Began as a Minotaur Fighter on Mar 13, 2024.
             Was an Initiate of Gozag.
             Killed from afar by a fire dragon (24 damage)
             ... with a blast of flame
             ... in the Dungeon (Sprint IX: "|||||||||||||||||||||||||||||").
             The game lasted 00:36:44 (5232 turns).

Heoruswealwe the Minotaur Porcupine (MiFi)          Turns: 5232, Time: 00:36:44

Health: 0/155      AC: 26    Str: 30    XL:     14   Next: 3%
Magic:  13/13      EV: 12    Int:  8    God:    Gozag
Gold:   1937       SH:  0    Dex: 10    Spells: 13/13 levels left

rFire   + . .        b - +8 glaive of the Two Names {flame, rPois rC- Str+2}
rCold   x . .        (shield currently unavailable)
rNeg    . . .        c - +0 plate armour {rF+}
rPois   +            (helmet restricted)
rElec   +            h - +2 cloak {Stlth+}
rCorr   .            (no gloves)
SInv    +            e - +0 pair of boots {rampage}
Will    +....        (no amulet) Stlth
                     k - ring of Xidghazx Dora {rPois SInv}
HPRegen 0.45/turn    j - ring "Tef Taug" {Wiz rElec Str+2 Int+3}
MPRegen 0.13/turn

%: no teleportation, rampage, wizardry (x1)
@: mighty, gold aura, hasted, very quick
A: horns 2, retaliatory headbutt
a: Renounce Religion, Potion Petition, Call Merchant, Bribe Branch


You were in the Dungeon.
You worshipped Gozag.
Gozag was most pleased with you.
You visited 1 branch You collected 15752 gold pieces.
You spent 6754 gold pieces at shops.
You paid 7061 gold pieces to Gozag.

Inventory:

Hand Weapons
 a - a +1 antimagic trident
 b - the +8 glaive of the Two Names (weapon) {flame, rPois rC- Str+2}
   (You bought it in a shop in the Dungeon)

   Str+2:     It affects your strength (+2).
   rC-:       It makes you vulnerable to cold.
   rPois:     It protects you from poison
 A - the +7 great mace "Undeadhunter" {deathbane, rN+}
   (You bought it in a shop in the Dungeon)

   rN+:       It protects you from negative energy.
 B - the +8 pair of quick blades "Gyre" and "Gimble" {protect}
   (You bought it in a shop in the Dungeon)
Armour
 c - a +0 plate armour of fire resistance (worn)
 d - a +0 buckler
 e - a +0 pair of boots of rampaging (worn)
 h - a +2 cloak of stealth (worn)
Jewellery
 j - the ring "Tef Taug" (right hand) {Wiz rElec Str+2 Int+3}
   (You bought it in a shop in the Dungeon)

   [ring of wizardry]

   Wiz:       It improves your spell success rate.
   Str+2:     It affects your strength (+2).
   Int+3:     It affects your intelligence (+3).
   rElec:     It insulates you from electricity.
 k - the ring of Xidghazx Dora (left hand) {rPois SInv}
   (You bought it in a shop in the Dungeon)

   [ring of see invisible]

   rPois:     It protects you from poison SInv: It lets you see invisible.
Wands
 l - a wand of roots (12)
 t - a wand of flame (6)
Scrolls
 i - a scroll of brand weapon
 n - 4 scrolls of blinking
 q - 2 scrolls of enchant weapon
 r - a scroll of silence
 w - 3 scrolls of enchant armour
Potions
 f - a potion of cancellation
 g - 2 potions of curing
 m - 2 potions of might
 s - a potion of haste
 u - 3 potions of mutation
 z - a potion of lignification {unknown}
Miscellaneous
 o - a phantom mirror


   Skills:
 + Level 22.7 Fighting
 O Level 27 Polearms
 + Level 22.7 Armour
 + Level 10.5 Dodging
 + Level 12.0 Shields
 + Level 8.8 Evocations


You had 13 spell levels left.
You didn't know any spells.
Your spell library was empty.

Dungeon Overview and Level Annotations

Branches:
Dungeon (1/1)

Altars:
Cheibriados
Dithmenos
Elyvilon
Fedhas
Gozag
Hepliaklqana
Kikubaaqudgha
Makhleb
Nemelex Xobeh
Okawaru
Qazlal
Ru
Sif Muna
Trog
Uskayaw
Vehumet
Wu Jian
Xom
Yredelemnul
Zin
The Shining One
Jiyva
Lugonu

Shops:
D *[((*(=**[(


Innate Abilities, Weirdness & Mutations

You have a pair of horns on your head.
You reflexively headbutt those who attack you in melee.


Message History

You slash the fire dragon! You burn the fire dragon.
The fire dragon is no longer distracted by gold.
The fire dragon is severely wounded.
The fire dragon breathes flames at you. The blast of flame hits you!
You resist.
* * * LOW HITPOINT WARNING * * *
You carve the fire dragon like a ham!!! You burn the fire dragon.
You kill the fire dragon!
The fire dragon breathes flames at you. The blast of flame hits you!
You resist.
* * * LOW HITPOINT WARNING * * *
Your Shields skill increases to level 12!
You slice the fire dragon like a ripe choko!!!
You burn the fire dragon.
The fire dragon is heavily wounded.
You hit the fire dragon but do no damage.
You headbutt the fire dragon.
The fire dragon is heavily wounded.
The fire dragon is distracted by your dazzling golden aura.
The fire dragon bites you but does no damage.
The fire dragon claws you but does no damage.
The fire dragon tramples you but does no damage.
You barely miss the fire dragon.
The fire dragon is heavily wounded.
The fire dragon bites you.
* * * LOW HITPOINT WARNING * * *
The fire dragon claws you but does no damage.
The fire dragon tramples you but does no damage.
You feel yourself speed up.
The fire dragon bites you but does no damage.
The fire dragon claws you.
* * * LOW HITPOINT WARNING * * *
The fire dragon tramples you but does no damage.
You feel very mighty all of a sudden.
You feel better.
The tengu warrior is distracted by your dazzling golden aura.
The fire dragon breathes flames at you. The blast of flame hits you!!
You resist.
You die...
Your body crumbles into a pile of gold.

.........'====.)))))))).[[[.[[[[[
▓▓▓▓▓▓▓▓▓▓▓▓▓▓▓▓▓▓▓▓▓▓▓▓▓▓▓▓▓▓▓▓▓
.................................
.▓▓▓▓▓▓▓▓▓▓▓▓▓▓▓▓▓▓▓▓▓▓▓▓▓▓▓▓▓▓▓▓
...............')........'.......
▓▓▓▓▓▓▓▓▓▓▓▓▓▓▓▓▓▓▓▓▓▓▓▓▓▓▓▓▓▓▓▓▓
.....................)......)....
.▓▓▓▓▓▓▓▓▓▓▓▓▓▓▓▓▓▓▓▓▓▓▓▓▓▓▓▓▓▓▓▓
...............$@DQ.DT..,,,,,,,,,
▓▓▓▓▓▓▓▓▓▓▓▓▓▓▓▓▓▓▓▓▓▓▓▓*********
,,,,,,,,,,,,,,,,,,,,,,,,,,,,,,,,,
,********************************
,,,,,,,,,,,,+,,,,,,,,,,,,,,,,,,,,
*********************************
,,,,,,,,,,,,,,,,,,,,,,,,,,,,,,,,,
,********************************
,,,,,,,+,,,,,,,,,,,,,+,,,,,,,,,,,


You could see 2 fire dragons, a tengu warrior (unaware) and a deep troll shaman.

Vanquished Creatures
  A lich (D)
  A fire giant (D)
  A frost giant (D)
  A ghost moth (D)
  A stone giant (D)
  Nessos (D)
  A bunyip (D)
  Azrael (D)
  An ettin (D)
  A merfolk impaler (D)
  Snorg (D)
  A fire dragon (D)
  2 hydras (D)
  A salamander tyrant (D)
  An alligator (D)
  2 boulder beetles (D)
  3 centaur warriors (D)
  A merfolk aquamancer (D)
  A two-headed ogre (D)
  A demonic crawler (D)
  Urug (D)
  A tengu warrior (D)
  An occultist (D)
  9 orc high priests (D)
  A naga sharpshooter (D)
  A hell knight (D)
  A spriggan (D)
  2 sea snakes (D)
  A goliath frog (D)
  A spriggan druid (D)
  An orc knight (D)
  A flayed ghost (D)
  A necromancer (D)
  A steelbarb worm (D)
  A moth of wrath (D)
  2 cyclopes (D)
  A manticore (D)
  An ugly thing (D)
  10 elephants (D)
  2 will-o-the-wisps (D)
  A meliai (shapeshifter) (D)
  A merfolk siren (D)
  A guardian serpent (D)
  3 torpor snails (D)
  4 naga magi (D)
  A black mamba (D)
  Joseph (D)
  4 cane toads (D)
  2 komodo dragons (D)
  A kobold demonologist (D)
  A freezing wraith (D)
  A rime drake (D)
  2 merfolk (D)
  A polar bear (D)
  2 tyrant leeches (D)
  A hornet (D)
  A wyvern (D)
  A water elemental (D)
  3 yaks (D)
  2 fire elementals (D)
  A basilisk (D)
  2 redbacks (D)
  A naga (D)
  An acid dragon (D)
  2 hell hounds (D)
  A water moccasin (D)
  11 orc warriors (D)
  An ice beast (D)
  A centaur (D)
  A phantom (D)
  2 bullfrogs (D)
  A howler monkey (D)
  6 orc priests (D)
  5 orc wizards (D)
  A dart slug (D)
  12 orcs (D)
  A giant cockroach (D)
  A hobgoblin (D)
  2 ball pythons (D)
151 creatures vanquished.

Vanquished Creatures (others)
  A fire giant (D)
  2 foxfires (D)
3 creatures vanquished.

Grand Total: 154 creatures vanquished

Notes
Turn   | Place    | Note
-------+----------+-------------------------------------------
     0 | D        | Heoruswealwe the Minotaur Fighter began the quest for the
                  | Orb.
     0 | D        | Reached XP level 1. HP: 19/19 MP: 0/0
     5 | D        | Reached skill level 3 in Polearms
    13 | D        | Reached skill level 4 in Polearms
    21 | D        | Noticed a phantom
    21 | D        | Noticed an ice beast
    26 | D        | Killed a phantom
    27 | D        | Reached skill level 7 in Polearms
    27 | D        | Reached XP level 2. HP: 23/30 MP: 1/1
    27 | D        | Reached XP level 3. HP: 28/37 MP: 2/2
    27 | D        | Reached XP level 4. HP: 34/44 MP: 3/3
    38 | D        | Killed an ice beast
    39 | D        | Reached skill level 9 in Polearms
    39 | D        | Reached XP level 5. HP: 28/52 MP: 4/4
   122 | D        | Found a snail-covered altar of Cheibriados.
   122 | D        | Found a shadowy altar of Dithmenos.
   122 | D        | Found a white marble altar of Elyvilon.
   122 | D        | Found a blossoming altar of Fedhas.
   122 | D        | Found an opulent altar of Gozag.
   123 | D        | Found a hazy altar of Hepliaklqana.
   124 | D        | Found a viscous altar of Jiyva.
   125 | D        | Found an ancient bone altar of Kikubaaqudgha.
   126 | D        | Found a corrupted altar of Lugonu.
   127 | D        | Found a burning altar of Makhleb.
   128 | D        | Found a sparkling altar of Nemelex Xobeh.
   129 | D        | Found an iron altar of Okawaru.
   130 | D        | Became a worshipper of Gozag Ym Sagoz the Greedy
   131 | D        | Found a stormy altar of Qazlal.
   132 | D        | Found a sacrificial altar of Ru.
   133 | D        | Found a shimmering blue altar of Sif Muna.
   134 | D        | Found a bloodstained altar of Trog.
   135 | D        | Found a hide-covered altar of Uskayaw.
   136 | D        | Found a radiant altar of Vehumet.
   137 | D        | Found an ornate altar of the Wu Jian Council.
   138 | D        | Found a shimmering altar of Xom.
   139 | D        | Found a basalt altar of Yredelemnul.
   140 | D        | Found a glowing silver altar of Zin.
   141 | D        | Found a glowing golden altar of the Shining One.
   215 | D        | Noticed an acid dragon
   215 | D        | Noticed an orc warrior
   215 | D        | Noticed a yak
   215 | D        | Noticed a kobold demonologist
   215 | D        | Noticed a two-headed ogre
   218 | D        | Reached skill level 10 in Polearms
   223 | D        | Killed an acid dragon
   224 | D        | Reached skill level 11 in Polearms
   224 | D        | Reached XP level 6. HP: 34/62 MP: 5/5
   226 | D        | Killed an orc warrior
   227 | D        | Reached skill level 12 in Polearms
   232 | D        | Noticed a red devil
   233 | D        | Noticed a smoke demon
   234 | D        | Killed a yak
   235 | D        | Reached skill level 13 in Polearms
   235 | D        | Reached XP level 7. HP: 16/71 MP: 6/6
   241 | D        | Killed a two-headed ogre
   242 | D        | Reached skill level 15 in Polearms
   242 | D        | Reached XP level 8. HP: 36/82 MP: 7/7
   256 | D        | Killed a kobold demonologist
   419 | D        | Noticed a boulder beetle
   419 | D        | Noticed a six-headed hydra
   419 | D        | Noticed a cyclops
   423 | D        | a yak changed into a meliai
   423 | D        | Noticed a meliai (shapeshifter)
   429 | D        | Reached skill level 16 in Polearms
   442 | D        | Killed a boulder beetle
   443 | D        | Reached skill level 17 in Polearms
   443 | D        | Reached XP level 9. HP: 53/92 MP: 8/8
   452 | D        | Killed a 12-headed hydra
   453 | D        | Reached skill level 18 in Polearms
   458 | D        | Killed a meliai
   460 | D        | Killed a cyclops
   781 | D        | Noticed a cane toad
   781 | D        | Noticed an elephant
   781 | D        | Noticed a komodo dragon
   785 | D        | Noticed a komodo dragon
   786 | D        | Killed a cane toad
   787 | D        | Reached skill level 19 in Polearms
   788 | D        | Noticed a cane toad
   792 | D        | Killed an elephant
   793 | D        | Reached XP level 10. HP: 103/104 MP: 9/9
   804 | D        | Reached skill level 20 in Polearms
   810 | D        | Reached skill level 15 in Fighting
   810 | D        | Reached skill level 15 in Armour
   813 | D        | Killed a cane toad
   891 | D        | Noticed a cane toad
   891 | D        | Noticed a cane toad
   894 | D        | Noticed a seven-headed hydra
   901 | D        | Killed a cane toad
   903 | D        | Killed a cane toad
   904 | D        | Reached skill level 21 in Polearms
   914 | D        | Noticed an elephant
   915 | D        | Killed a 12-headed hydra
   931 | D        | Killed an elephant
  1131 | D        | Noticed an elephant
  1131 | D        | Noticed an elephant
  1131 | D        | Noticed an elephant
  1131 | D        | Noticed an elephant
  1131 | D        | Noticed an elephant
  1131 | D        | Noticed an elephant
  1136 | D        | Killed an elephant
  1137 | D        | Reached XP level 11. HP: 107/115 MP: 10/10
  1142 | D        | Reached skill level 22 in Polearms
  1188 | D        | Reached skill level 23 in Polearms
  1267 | D        | Noticed Joseph
  1278 | D        | Killed Joseph
  1550 | D        | Noticed an orc high priest
  1556 | D        | Noticed a sixfirhy
  1565 | D        | Noticed a sun demon
  1595 | D        | Killed an orc high priest
  1799 | D        | Found Imo Amo's General Store.
  1799 | D        | Noticed an orc high priest
  1799 | D        | Noticed an orc high priest
  1802 | D        | Noticed an orc high priest
  1804 | D        | Noticed an orc high priest
  1811 | D        | Noticed a soul eater
  1813 | D        | Killed an orc high priest
  1814 | D        | Reached skill level 24 in Polearms
  1819 | D        | Noticed a sixfirhy
  1844 | D        | Killed an orc high priest
  1857 | D        | Noticed a soul eater
  1874 | D        | Killed an orc high priest
  1879 | D        | Noticed a sixfirhy
  1889 | D        | Killed an orc high priest
  1892 | D        | Noticed an orc high priest
  1893 | D        | Noticed an orc high priest
  1906 | D        | Killed an orc high priest
  1912 | D        | Killed an orc high priest
  1913 | D        | Reached XP level 12. HP: 14/128 MP: 11/11
  2192 | D        | Found Xipaluo's Antique Armour Shoppe.
  2196 | D        | Found Nurpho's Antique Weapon Emporium.
  2200 | D        | Found Ojeirch's Antique Weapon Shoppe.
  2203 | D        | Noticed an orc high priest
  2215 | D        | Noticed an orc high priest
  2232 | D        | Killed an orc high priest
  2233 | D        | Reached skill level 25 in Polearms
  2241 | D        | Killed an orc high priest
  2313 | D        | Bought a potion of cancellation for 112 gold pieces
  2313 | D        | Bought a scroll of torment for 133 gold pieces
  2313 | D        | Bought a scroll of silence for 133 gold pieces
  2322 | D        | Bought a potion of haste for 240 gold pieces
  2322 | D        | Bought a potion of haste for 240 gold pieces
  2322 | D        | Bought a long silver wand for 96 gold pieces
  2322 | D        | Bought 2 fizzy pink potions for 43 gold pieces
  2322 | D        | Bought a brightly glowing glaive for 276 gold pieces
  2322 | D        | Identified the +8 glaive of the Two Names {flame, rPois rC-
                  | Str+2} (You bought it in a shop in the Dungeon)
  2330 | D        | Bought a scroll labelled ZIMIOLLEARCH for 39 gold pieces
  2330 | D        | Bought a wand of roots (2) for 187 gold pieces
  2330 | D        | Bought a pair of runed boots for 292 gold pieces
  2330 | D        | Bought a potion of curing for 117 gold pieces
  2330 | D        | Bought a dark potion for 35 gold pieces
  2330 | D        | Bought a twisted cabochon ring for 195 gold pieces
  2333 | D        | Bought the +7 great mace "Undeadhunter" {deathbane, rN+}
                  | for 790 gold pieces
  2333 | D        | Found the +7 great mace "Undeadhunter" {deathbane, rN+}
  2333 | D        | Bought a scroll of enchant armour for 112 gold pieces
  2333 | D        | Bought a potion of mutation for 120 gold pieces
  3009 | D        | Bought the ring "Tef Taug" {Wiz rElec Str+2 Int+3} for 763
                  | gold pieces
  3085 | D        | Noticed Urug
  3090 | D        | Killed Urug
  3336 | D        | Noticed a centaur warrior
  3336 | D        | Noticed a boulder beetle
  3337 | D        | Noticed a centaur warrior
  3339 | D        | Killed a centaur warrior
  3348 | D        | Noticed a centaur warrior
  3354 | D        | Noticed a fire giant
  3356 | D        | Reached skill level 26 in Polearms
  3362 | D        | Killed a centaur warrior
  3362 | D        | Noticed an ettin
  3363 | D        | Killed a centaur warrior
  3373 | D        | Killed a fire giant
  3613 | D        | Killed a boulder beetle
  3615 | D        | Noticed a frost giant
  3618 | D        | Killed an ettin
  3624 | D        | Killed a frost giant
  3625 | D        | Reached skill level 27 in Polearms
  3629 | D        | Reached skill level 1 in Dodging
  3629 | D        | Reached skill level 1 in Evocations
  3635 | D        | Noticed a lich
  3640 | D        | Killed a lich
  3641 | D        | Reached skill level 5 in Shields
  3817 | D        | Noticed a salamander tyrant
  3822 | D        | Killed a salamander tyrant
  3823 | D        | Reached XP level 13. HP: 127/141 MP: 12/12
  3842 | D        | Reached skill level 5 in Dodging
  3850 | D        | Noticed a merfolk impaler
  3862 | D        | Reached skill level 5 in Evocations
  3870 | D        | Killed a merfolk impaler
  4294 | D        | Bought a translucent plate armour for 644 gold pieces
  4294 | D        | Identified the +0 plate armour of Xacished {-Tele rElec
                  | Dex+4} (You bought it in a shop in the Dungeon)
  4296 | D        | Bought the +8 pair of quick blades "Gyre" and "Gimble"
                  | {protect} for 1690 gold pieces
  4296 | D        | Found the +8 pair of quick blades "Gyre" and "Gimble"
                  | {protect}
  4583 | D        | Noticed a bunyip
  4592 | D        | Killed a bunyip
  4763 | D        | Reached skill level 10 in Shields
  4767 | D        | Killed a ghost moth
  4983 | D        | Bought the ring of Xidghazx Dora {rPois SInv} for 497 gold
                  | pieces
  5016 | D        | Noticed Snorg
  5022 | D        | Killed Snorg
  5080 | D        | Noticed Azrael
  5082 | D        | Noticed Nessos
  5088 | D        | Killed Azrael
  5101 | D        | Killed Nessos
  5194 | D        | Noticed a fire giant
  5194 | D        | Noticed a fire dragon
  5194 | D        | Noticed a stone giant
  5196 | D        | Noticed a fire dragon
  5208 | D        | Killed a fire giant
  5209 | D        | Reached skill level 10 in Dodging
  5210 | D        | Noticed a fire dragon
  5214 | D        | Killed a stone giant
  5222 | D        | Reached XP level 14. HP: 47/155 MP: 13/13
  5232 | D        | Killed from afar by a fire dragon

Illustrated notes

Levels and vault maps discovered:
D:        linesprint [early_d, line_temple, items_1, d_10, items_2, lair_1,
          lair_end, items_3, orc_1, orc_end, items_4, d_15, swamp_1, shoals_1,
          snake_1, spider_1, d_20, vaults_1, items_5, swamp_end, shoals_end,
          snake_end, spider_end, vaults_end, d_27, items_6, zot_1, zot_end,
          crypt_end, forest_end, elf_end, slime_end, tomb_end, abyss_end,
          pan_hell_end]

Skill      XL: |  1  2  3  4  5  6  7  8  9 10 11 12 13 14 |
---------------+-------------------------------------------+-----
Polearms       | 7 9 11 13 15 17 19 21 24 27 | 27.0
Fighting       | 6 7 8 9 11 12 14 16 18 20 22 | 22.7
Armour         | 6 7 8 9 11 12 14 16 18 20 22 | 22.7
Dodging        | 3 10 | 10.5
Shields        | 5 11 12 | 12.0
Evocations     | 3 8 |  8.8

Action                     |  1- 3 |  4- 6 |  7- 9 | 10-12 | 13-15 || total
---------------------------+-------+-------+-------+-------+-------++-------
  Melee: Trident           |    13 |    15 |       |       |       ||    28
         Headbutt          |     2 |     2 |    18 |    70 |    35 ||   127
         Halberd           |       |    19 |    70 |   280 |       ||   369
         Glaive            |       |       |       |    59 |   152 ||   211
 Invoke: Call Merchant     |       |       |       |     6 |     1 ||     7
    Use: Potion            |       |       |     3 |    11 |     4 ||    18
         Scroll            |       |       |       |     2 |       ||     2
   Stab: Distracted        |       |       |       |     3 |     2 ||     5
 Armour: Scale mail        |     7 |     4 |       |       |       ||    11
         Chain mail        |       |     8 |    72 |    73 |       ||   153
         Plate armour      |       |       |       |   117 |   107 ||   224
  Dodge: Dodged            |     4 |    10 |    25 |    93 |    41 ||   173
  Block: Buckler           |     2 |     3 |       |       |       ||     5
